 Dungeon Crawl Stone Soup version 0.30-a0-758-gc2c871d025 (console) character file.

Game seed: 9256545971174641827

445 Banquo the Magician (level 7, -1/49 HPs)
             Began as a Djinni Earth Elementalist on Feb 10, 2023.
             Was a Follower of the Shining One.
             Slain by a centaur (3 damage)
             ... on level 5 of the Dungeon.
             The game lasted 00:11:36 (3902 turns).

Banquo the Magician (Djinni Earth Elementalist)     Turns: 3902, Time: 00:11:37

Health: -1/49      AC:  2    Str:  7    XL:     7   Next: 23%
Gold:   297        EV: 12    Int: 19    God:    the Shining One [*.....] SH:  0 Dex: 13

rFire   + + .      SeeInvis .    l - +2 whip (venom)
rCold   x . .      Faith    .    (no shield)
rNeg    . . .      Spirit   .    a - +0 robe
rPois   ∞          Reflect  .    (no helmet)
rElec   .          Harm     .    (no cloak)
rCorr   .          Rampage  .    (no gloves)
Will    .....                    (boots unavailable)
Stlth   +                        x - amulet of regeneration
HPRegen 1.08/turn                (no ring)
MPRegen 0.00/turn                (no ring)

@: flying, very slightly contaminated, glowing
A: sickness immunity, fire resistance 2, cold vulnerability 1, float, innate
caster, HP casting, extra vitality 1
a: Renounce Religion, Divine Shield


You were on level 5 of the Dungeon.
You worshipped the Shining One.
The Shining One was aware of your devotion.
You visited 1 branch of the dungeon, and saw 5 of its levels.

You collected 297 gold pieces.

Inventory:

Hand Weapons
 e - a +0 dagger
 k - a +0 spear
 l - a +2 whip of venom (weapon)
 u - a +1 trident of freezing
Armour
 a - a +0 robe (worn)
Jewellery
 o - an amulet of guardian spirit
 x - an amulet of regeneration (around neck)
Wands
 v - a wand of acid (9)
Scrolls
 c - 5 scrolls of teleportation {unknown}
 d - 3 scrolls of identify {unknown}
 f - a scroll of amnesia {unknown}
 g - a scroll of silence {unknown}
 h - 2 scrolls of magic mapping {unknown}
 p - a scroll of enchant armour {unknown}
 q - a scroll of noise {unknown}
 r - a scroll of vulnerability {unknown}
 s - 4 scrolls of enchant weapon {unknown}
 y - a scroll of butterflies {unknown}
Potions
 b - a potion of magic
 i - a potion of heal wounds {unknown}
 j - 2 potions of mutation {unknown}
 m - 5 potions of curing {unknown}
 n - a potion of cancellation {unknown}
 t - 2 potions of resistance {unknown}
 w - 2 potions of lignification {unknown}


   Skills:
 * Level 2.6 Fighting
 * Level 3.0 Dodging
 - Level 1.5 Stealth
 + Level 5.0 Spellcasting
 * Level 1.7 Invocations


You couldn't memorise any spells.
You knew the following spells:

 Your Spells              Type           Power      Damage    Failure   Level
a - Sandblast             Erth           46%        2d11      1%          1
b - Passwall              Tmut/Erth      19%        N/A       2%          2
c - Stone Arrow           Conj/Erth      46%        3d9       4%          3
d - Petrify               Tmut/Erth      23%        N/A       16%         4
e - Beastly Appendage     Tmut           46%        N/A       1%          1
f - Wereblood             Tmut           23%        N/A       2%          2
h - Hailstorm             Conj/Ice       23%        3d7       4%          3
Your spell library was empty.

Dungeon Overview and Level Annotations

Branches:
Dungeon (5/15)
 Temple: D:4-7

Altars:
Elyvilon
Nemelex Xobeh
Qazlal
Ru
Xom
Zin
The Shining One


Innate Abilities, Weirdness & Mutations

You are immune to sickness and miasma.
You are immune to poison.
Your flesh is very heat resistant. (rF++)
You are vulnerable to cold. (rC-)
You float through the air rather than walking.
You learn spells naturally, not from books.
Your magical power is your life essence.
You have superior vitality. (+4 MHP)


Message History

You are very lightly contaminated with residual magic.
Nothing appears to happen.
The hound misses you.
Aiming: Stone Arrow (dangerous; 4% risk of failure)
Press: ? - help, Q - select action, (/) - cycle Shift-Dir - straight line, f - centaur, p - hound
Aim: a centaur, wielding a +0 shortbow (83% to hit)
The stone arrow hits the hound.
You kill the hound!
The centaur shoots an arrow.
The arrow hits you!
The centaur shoots an arrow.
The arrow completely misses you.
Your Spellcasting skill increases to level 5!
Aiming: Stone Arrow (dangerous; 4% risk of failure)
Press: ? - help, Q - select action, (/) - cycle Shift-Dir - straight line, f/p - centaur
Aim: a centaur, wielding a +0 shortbow (83% to hit)
You miscast Stone Arrow.
Nothing appears to happen.
The centaur shoots an arrow.
The arrow hits you.
* * * LOW HITPOINT WARNING * * *
Aiming: Stone Arrow (dangerous; 4% risk of failure)
Press: ? - help, Q - select action, (/) - cycle Shift-Dir - straight line, f/p - centaur
Aim: a centaur, wielding a +0 shortbow (83% to hit)
You miscast Stone Arrow.
Nothing appears to happen.
* * * LOW HITPOINT WARNING * * *
The centaur shoots an arrow.
The arrow hits you.
* * * LOW HITPOINT WARNING * * *
Aiming: Stone Arrow (dangerous; 4% risk of failure)
Press: ? - help, Q - select action, (/) - cycle Shift-Dir - straight line, f/p - centaur
Aim: a centaur, wielding a +0 shortbow (haloed, 88% to hit)
The stone arrow hits the centaur!
The centaur is severely wounded.
* * * LOW HITPOINT WARNING * * *
The centaur unwields a +0 shortbow.
The centaur hits you.
* * * LOW HITPOINT WARNING * * *
The centaur closely misses you.
You don't have enough health to cast this spell.
Unknown command.
Unknown command.
You hit the centaur.
The centaur is poisoned.
The centaur is almost dead.
The centaur hits you.
You die...

##...#....
##.........
##..........
##......##... ....
##...>..## #. ....
#......## .... ..##
##.....## #####..##
#...
#.......####..c....##
#...
##.......@##........#
#...
#.......c...........
#..
#...................
#..
#...###.............
#. #..##
###........... #.
#..# #.........[.
...# #..#
#........... # #..#
#........... .. ..##
#........... ..?


You could see a centaur (very poisoned).

Vanquished Creatures
  2 black bears
  A hound (D:5)
  2 jellies
  An iguana (D:5)
  Terence (D:2)
  3 gnolls (D:2)
  2 adders
  An ufetubus (D:4)
  2 dart slugs
  A worm (D:4)
  5 orcs (D:3)
  7 bats
  7 endoplasms
  A giant cockroach (D:3)
  7 goblins
  8 hobgoblins
  3 quokkas
  3 ball pythons
  4 frilled lizards (D:2)
  6 kobolds
  3 rats (D:1)
70 creatures vanquished.

Notes
Turn   | Place    | Note
-------+----------+-------------------------------------------
     0 | D:1      | Banquo the Djinni Earth Elementalist began the quest for
                  | the Orb.
     0 | D:1      | Banquo set off with the following spells memorised:
                  | Sandblast, Passwall, Stone Arrow, Petrify.
     0 | D:1      | Reached XP level 1. HP: 15/15 MP: 0/0
    77 | D:1      | Reached XP level 2. HP: 20/22 MP: 0/0
   451 | D:1      | Reached skill level 3 in Spellcasting
   451 | D:1      | Reached XP level 3. HP: 24/26 MP: 0/0
   451 | D:1      | Learned a level 1 spell: Beastly Appendage
   538 | D:2      | Noticed Terence
   543 | D:1      | Reached skill level 1 in Fighting
  1081 | D:2      | Reached XP level 4. HP: 28/32 MP: 0/0
  1824 | D:2      | Killed Terence
  1825 | D:2      | Reached XP level 5. HP: 25/38 MP: 0/0
  1825 | D:2      | Learned a level 2 spell: Wereblood
  2000 | D:3      | Found a faded altar of an unknown god.
  2011 | D:3      | Prayed at the altar of an unknown god.
  2011 | D:3      | Became a worshipper of the Shining One
  2011 | D:3      | Reached * piety under the Shining One
  2132 | D:3      | Reached skill level 4 in Spellcasting
  2260 | D:3      | Found a sacrificial altar of Ru.
  2260 | D:3      | Found a white marble altar of Elyvilon.
  2328 | D:3      | Noticed a black bear
  2335 | D:3      | Killed a black bear
  2336 | D:3      | Reached XP level 6. HP: 32/43 MP: 0/0
  2626 | D:3      | Found a stormy altar of Qazlal.
  2629 | D:3      | Found a glowing silver altar of Zin.
  2631 | D:3      | Found a sparkling altar of Nemelex Xobeh.
  2636 | D:3      | Found a shimmering altar of Xom.
  2651 | D:3      | Reached skill level 1 in Invocations
  3241 | D:4      | Noticed a black bear
  3244 | D:4      | Killed a black bear
  3708 | D:5      | Entered Level 5 of the Dungeon
  3860 | D:5      | Reached XP level 7. HP: 49/49 MP: 0/0
  3860 | D:5      | Learned a level 3 spell: Hailstorm
  3899 | D:5      | Reached skill level 5 in Spellcasting
  3901 | D:5      | HP: 1/49 [centaur (2)]
  3902 | D:5      | Slain by a centaur

Illustrated notes

Levels and vault maps discovered:
D:1:      elethiomel_arrival_shortcut, layout_basic
D:2:      layout_basic, minmay_crystal_room, uniq_terence
D:3:      layout_basic, nicolae_overflow_hallway_of_the_gods,
          hellmonk_ecumenical_altar_blasted, minivault_14
D:4:      layout_basic, nicolae_overflow_crystal_walls
D:5:      layout_cave_pods, lemuel_doored_altar

Skill      XL: |  1  2  3  4  5  6  7 |
---------------+----------------------+-----
Spellcasting   | 3 4 5 |  5.0
Fighting       | 1 2 |  2.6
Invocations    | 1 |  1.7
Dodging        | 3 |  3.0
Stealth        | |  1.5

Action                     |  1- 3 |  4- 6 |  7- 9 || total
---------------------------+-------+-------+-------++-------
  Melee: Dagger            |     1 |       |       ||     1
         Whip              |       |       |     1 ||     1
   Cast: Sandblast         |    56 |    29 |     1 ||    86
         Stone Arrow       |     2 |    34 |     7 ||    43
    Use: Potion            |     1 |       |       ||     1
 Armour: Robe              |     6 |     1 |       ||     7
  Dodge: Dodged            |    13 |    21 |     8 ||    42

Table legend: (Time is in decaauts)
 A = Elapsed time spent in this place.
 B = Non-inter-level travel time spent in this place.
 C = Inter-level travel time spent in this place.
 D = Time resting spent in this place.
 E = Time spent auto-exploring this place.
 F = Levels seen in this place.
 G = Mean time per level.
                   A        B        C        D        E       F      G
               +--------+--------+--------+--------+--------+-----+--------+
         Total |   3927 |   3502 |    425 |    110 |   2570 |   5 |  785.4 |
       Dungeon |   3927 |   3502 |    425 |    110 |   2570 |   5 |  785.4 |
               +--------+--------+--------+--------+--------+-----+--------+

Top non-repeatable levels by time:
     D:2: 1389 daAuts
     D:4: 964 daAuts
     D:3: 863 daAuts
     D:1: 613 daAuts
     D:5: 97 daAuts
